 Dungeon Crawl Stone Soup version 0.25-a0-1130-g3926558f3a (webtiles) character file.

Game seed: 4973460075549067041, levelgen mode: classic

4 Amnesiac the Digger (level 1, -5/9 HPs)
             Began as a Vine Stalker Earth Elementalist on May 20, 2020.
             Slain by a kobold
             ... wielding a +0 short sword
              (8 damage)
             ... on level 1 of the Dungeon.
             The game lasted 00:00:35 (68 turns).

Amnesiac the Digger (Vine Stalker Earth Elementalist) Turns: 68, Time: 00:00:36

Health: -5/9       AC:  2    Str: 10    XL:     1   Next: 60%
Magic:  0/4        EV: 12    Int: 15    God:
Gold:   25         SH:  0    Dex: 14    Spells: 3/4 levels left

rFire    . . .     SeeInvis .   (no weapon)
rCold    . . .     Gourm    .   (no shield)
rNeg     . . .     Faith    .   c - +0 robe
rPois    .         Spirit   +   (no helmet)
rElec    .         Reflect  .   (no cloak)
rCorr    .         Harm     .   (no gloves)
MR       .....                  (no boots)
Stlth    ++........             (no amulet)
HPRegen  0.03/turn              (no ring)
MPRegen  0.09/turn              (no ring)

@: no status effects
A: fangs 2, magic shield, antimagic bite, no potion heal 3, rot immunity
a: no special abilities


You were on level 1 of the Dungeon.
You were not hungry.

You visited 1 branch of the dungeon, and saw 1 of its levels.

You collected 25 gold pieces.

Inventory:

Missiles
 b - 25 stones (quivered)
Armour
 c - a +0 robe (worn)
Comestibles
 d - a ration


   Skills:
 - Level 1.5 Dodging
 - Level 2.4 Stealth
 + Level 2.3 Spellcasting
   Level 1.0 Transmutations
 * Level 3.2 Earth Magic


You had 3 spell levels left.
You knew the following spells:

 Your Spells              Type           Power        Failure   Level  Hunger
a - Sandblast             Erth           ##....       6%          1    #......

Your spell library contained the following spells:

 Spells                   Type           Power        Failure   Level  Hunger
 Passwall                 Tmut/Erth      #.......     14%         2    ###....
 Stone Arrow              Conj/Erth      #.....       32%         3    ###....
 Petrify                  Tmut/Erth      #.......     65%         4    #####..
 Lee's Rapid Deconstruct  Erth           ##........   85%         5    ######.


Dungeon Overview and Level Annotations

Branches:
Dungeon (1/15)

Altars:


Innate Abilities, Weirdness & Mutations

You have extremely sharp teeth.
When hurt, damage is shared between your health and your magic reserves.
Your bite disrupts and absorbs the magic of your enemies.
Potions cannot restore your health.
You are immune to rotting.


Message History

Casting: Sandblast (safe; 6% risk of failure)
Confirm with . or Enter, or press ? or * to list all spells.
Aiming: Sandblast (safe; 6% risk of failure)
Press: ? - help, Shift-Dir - straight line, f - frilled lizard
Aim: a frilled lizard The blast of sand hits the frilled lizard!
You kill the frilled lizard!
b - 27 stones Unknown command.
Really walk into that teleport trap?
You enter a teleport trap!
The teleport trap disappears.
Your surroundings suddenly seem different.
A giant cockroach and a kobold come into view.
Found 15 gold pieces and 16 sling bullets.
A bat comes into view.
The kobold shouts!
A goblin comes into view.
The giant cockroach bites you but does no damage.
The giant cockroach bites you but does no damage.
The bat closely misses you. The bat closely misses you. The bat hits you.
You hit the bat but do no damage.
The goblin shouts!
You hear a shout!
The bat misses you. The giant cockroach barely misses you.
You hear an angry hiss.
The bat completely misses you. The giant cockroach closely misses you.
The bat hits you but does no damage.
A frilled lizard and a kobold come into view.
The bat hits you but does no damage.
The kobold moves out of view.
Found a scroll labeled KIEZIO BUISURCH.
You hit the bat.
The bat is moderately wounded.
The bat barely misses you. x2
Casting: Sandblast (safe; 6% risk of failure)
Confirm with . or Enter, or press ? or * to list all spells.
Aiming: Sandblast (safe; 6% risk of failure)
Press: ? - help, Shift-Dir - straight line The blast of sand hits the frilled lizard!
You kill the frilled lizard!
b - 26 stones The bat closely misses you.
Casting: Sandblast (safe; 6% risk of failure)
Confirm with . or Enter, or press ? or * to list all spells.
Aiming: Sandblast (safe; 6% risk of failure)
Press: ? - help, Shift-Dir - straight line, f - kobold
Aim: a kobold, wielding a +0 short sword The blast of sand misses the kobold.
b - 25 stones The bat misses you.
The kobold barely misses you.
Unknown command.
You hit the kobold but do no damage. The bat barely misses you.
The bat closely misses you. The kobold closely misses you.
Unknown command.
You hit the kobold.
The kobold is heavily wounded.
The bat hits you but does no damage. x2; The kobold misses you.
Unknown command.
You hit the kobold.
The kobold is severely wounded.
The bat closely misses you.
The kobold hits you with a +0 short sword!
Ouch! That really hurt!
You die...

#### #.# #.# #... #.(.
#.##.# #.....#
#.##...###...###.......
#...........#.#g.......
....$....#.............
.............K.# ......
####...#....gs###.?....
#...#######b#K.....#
#### ##@# ###


You could see a giant cockroach, a goblin, a bat and 2 kobolds.

Vanquished Creatures
  2 hobgoblins (D:1)
  2 frilled lizards (D:1)
4 creatures vanquished.

Notes
Turn   | Place    | Note
-------+----------+-------------------------------------------
     0 | D:1      | Amnesiac the Vine Stalker Earth Elementalist began the
                  | quest for the Orb.
     0 | D:1      | Reached XP level 1. HP: 9/9 MP: 4/4
    68 | D:1      | Slain by a kobold

Illustrated notes

Levels and vault maps discovered:
D:1:      elethiomel_arrival_shortcut, layout_loops_ring,
          chequers_serial_rivers_micro_e, roderic_malta_cross

Action                   || total
-------------------------++-------
Melee: Unarmed           ||    11
       Bite              ||     1
 Cast: Sandblast         ||     5
Armor: Robe              ||     7
Dodge: Dodged            ||    24

Table legend:
 A = Non-vault XP
 B = Vault XP
 C = Vault XP percentage of total XP
 D = Non-vault monster count
 E = Vault monster count
 F = Vault count percentage of total count
                 A         B        C        D         E       F
            +---------+---------+-------+---------+---------+-------
      Total |       6 |       0 |   0.0 |       4 |       0 |   0.0
            +---------+---------+-------+---------+---------+-------
        D:1 |       6 |       0 |   0.0 |       4 |       0 |   0.0
            +---------+---------+-------+---------+---------+-------
